PAAA
NAPERVILLE BATTLEKINGS @ SALT LAKE CITY BUZZ
06/03/2029
 
TOP OF THE 1ST
Naperville Battlekings batting - Pitching for Salt Lake City Buzz : RHP Pedro Espinoza
Pitching: RHP Pedro Espinoza
Batting: LHB Arthur Ryan 0-0: Called Strike
0-1: Ball
1-1: Ball
2-1: SINGLE (Flyball, 5D)
Batting: LHB Ferris Minor 0-0: Ball
1-0: Ball
2-0: Ball
3-0: Called Strike
3-1: Foul Ball, location: 2F
3-2: Base on Balls
Arthur Ryan to second
Batting: RHB Jay Hood 0-0: Swinging Strike
0-1: Ball
1-1: Swinging Strike
1-2: Foul Ball, location: 2F
1-2: Ball
2-2: Ball
3-2: Strikes out swinging
Batting: LHB Juan Villanueva 0-0: Ball
1-0: Foul Ball, location: 2F
1-1: Called Strike
1-2: Ball
2-2: Ball
3-2: Foul Ball, location: 2F
3-2: Foul Ball, location: 2F
3-2: Foul Ball, location: 2F
3-2: SINGLE (Line Drive, 34D)
Arthur Ryan to third
Ferris Minor to second
Runner from 3rd tries for Home, SAFE, no throw
Batting: RHB Jorge Baker 0-0: Ball
1-0: Called Strike
1-1: Grounds into double play, 6-4-3 (Groundball, 6)
Top of the 1st over - 1 run, 2 hits, 0 errors, 1 left on base; Naperville 1 - Salt Lake City 0
BOTTOM OF THE 1ST
Salt Lake City Buzz batting - Pitching for Naperville Battlekings : RHP Steve Gardner
Pitching: RHP Steve Gardner
Batting: LHB Mike Gillespie 0-0: Ball
1-0: Ball
2-0: Ball
3-0: Called Strike
3-1: Called Strike
3-2: Fly out, F8 (Line Drive, 8RD)
Batting: RHB Jung-hwan Kwon 0-0: Swinging Strike
0-1: Foul Ball, location: 2F
0-2: Foul Ball, location: 2F
0-2: Ball
1-2: Ball
2-2: Foul Ball, location: 2F
2-2: Ground out 5-3 (Groundball, 56)
Batting: LHB Jérôme Masson 0-0: Ball
1-0: SINGLE (Flyball, 34D)
Batting: LHB Qi-zhen Loong 0-0: Ball
1-0: Called Strike
1-1: Swinging Strike
1-2: Ball
2-2: Strikes out swinging
Bottom of the 1st over - 0 runs, 1 hit, 0 errors, 1 left on base; Naperville 1 - Salt Lake City 0
TOP OF THE 2ND
Naperville Battlekings batting - Pitching for Salt Lake City Buzz : RHP Pedro Espinoza
Batting: RHB Bill Rinck 0-0: Ball
1-0: Ball
2-0: Called Strike
2-1: Ball
3-1: Base on Balls
Batting: RHB Fernando Martínez 0-0: Ball
1-0: Called Strike
1-1: Swinging Strike
1-2: Ball
2-2: Strikes out swinging
Batting: RHB Hirohisa Ogasawara 0-0: Ball
1-0: Ball
2-0: Called Strike
2-1: Called Strike
2-2: Ball
3-2: Base on Balls
Bill Rinck to second
Batting: LHB Rubén Aracil 0-0: Ball
1-0: Swinging Strike
1-1: SINGLE (Flyball, 9S)
Bill Rinck to third
Hirohisa Ogasawara to second
Runner from 3rd tries for Home, SAFE, no throw
Batting: LHB Arthur Ryan 0-0: Foul Ball, location: 2F
0-1: Ball
1-1: Fly out, F8 (Flyball, 78M)
Batting: LHB Ferris Minor 0-0: Ball
1-0: Ball
2-0: Foul Ball, location: 2F
2-1: Swinging Strike
2-2: Ball
3-2: Fly out, F7 (Flyball, 7S)
Top of the 2nd over - 1 run, 1 hit, 0 errors, 2 left on base; Naperville 2 - Salt Lake City 0
BOTTOM OF THE 2ND
Salt Lake City Buzz batting - Pitching for Naperville Battlekings : RHP Steve Gardner
Batting: SHB Félix Medina 0-0: Foul Ball, location: 2F
0-1: Ball
1-1: Called Strike
1-2: Ball
2-2: Ball
3-2: Strikes out swinging
Batting: LHB Roberto Soto 0-0: Ball
1-0: Foul Ball, location: 2F
1-1: Ball
2-1: DOUBLE (Line Drive, 89D)
Batting: RHB Vicente Cruz 0-0: Ball
1-0: Ground out 2-3 (Groundball, 15S)
Roberto Soto to third
Batting: RHB Erwin Chapman 0-0: Ball
1-0: Foul Ball, location: 2F
1-1: SINGLE (Groundball, 34D)
Roberto Soto scores
Batting: RHB Alejandro Herrera 0-0: SINGLE (Groundball, 4MS) (infield hit)
Erwin Chapman to second
Batting: LHB Mike Gillespie 0-0: Ball
1-0: Ball
2-0: Foul Ball, location: 2F
2-1: Ball
3-1: Foul Ball, location: 2F
3-2: Foul Ball, location: 2F
3-2: Foul Ball, location: 2F
3-2: Foul Ball, location: 2F
3-2: Strikes out swinging
Bottom of the 2nd over - 1 run, 3 hits, 0 errors, 2 left on base; Naperville 2 - Salt Lake City 1
TOP OF THE 3RD
Naperville Battlekings batting - Pitching for Salt Lake City Buzz : RHP Pedro Espinoza
Batting: RHB Jay Hood 0-0: Ball
1-0: Ball
2-0: Fly out, F8 (Flyball, 8LXD)
Batting: LHB Juan Villanueva 0-0: Ball
1-0: Ball
2-0: Foul Ball, location: 2F
2-1: Foul Ball, location: 2F
2-2: Foul Ball, location: 2F
2-2: Ground out 5-3 (Groundball, 56)
Batting: RHB Jorge Baker 0-0: Called Strike
0-1: Ball
1-1: Ball
2-1: Foul Ball, location: 2F
2-2: Foul Ball, location: 2F
2-2: Foul Ball, location: 2F
2-2: Ground out U3 (Groundball, 34)
Top of the 3rd over - 0 runs, 0 hits, 0 errors, 0 left on base; Naperville 2 - Salt Lake City 1
BOTTOM OF THE 3RD
Salt Lake City Buzz batting - Pitching for Naperville Battlekings : RHP Steve Gardner
Batting: RHB Jung-hwan Kwon 0-0: Swinging Strike
0-1: Fly out, F7 (Line Drive, 7D)
Batting: LHB Jérôme Masson 0-0: Called Strike
0-1: Foul Ball, location: 2F
0-2: Hit by Pitch
Batting: LHB Qi-zhen Loong 0-0: Foul Ball, location: 2F
0-1: Called Strike
0-2: Ball
1-2: Ball
2-2: Fly out, F8 (Flyball, 8RM)
Batting: SHB Félix Medina 0-0: Ball
1-0: TRIPLE (Groundball, 3L)
Jérôme Masson scores
Batting: LHB Roberto Soto 0-0: Reached on error, E6 (Flyball, 56D)
Félix Medina scores
Batting: RHB Vicente Cruz 0-0: Called Strike
Roberto Soto steals 2nd base
0-1: DOUBLE (Line Drive, 89D)
Roberto Soto scores
Batting: RHB Erwin Chapman 0-0: Called Strike
0-1: Foul Ball, location: 2F
0-2: Ball
1-2: Strikes out swinging
Bottom of the 3rd over - 3 runs, 2 hits, 1 error, 1 left on base; Naperville 2 - Salt Lake City 4
TOP OF THE 4TH
Naperville Battlekings batting - Pitching for Salt Lake City Buzz : RHP Pedro Espinoza
Batting: RHB Bill Rinck 0-0: Ground out 6-3 (Groundball, 6)
Batting: RHB Fernando Martínez 0-0: Ball
1-0: Ball
2-0: Ground out 6-3 (Groundball, 6)
Batting: RHB Hirohisa Ogasawara 0-0: Ball
1-0: Ball
2-0: Ball
3-0: Base on Balls
Batting: LHB Rubén Aracil 0-0: Ball
1-0: Called Strike
1-1: Swinging Strike
1-2: Fly out, F9 (Flyball, 89D)
Top of the 4th over - 0 runs, 0 hits, 0 errors, 1 left on base; Naperville 2 - Salt Lake City 4
BOTTOM OF THE 4TH
Salt Lake City Buzz batting - Pitching for Naperville Battlekings : RHP Steve Gardner
Batting: RHB Alejandro Herrera 0-0: Ball
1-0: Swinging Strike
1-1: Swinging Strike
1-2: Strikes out swinging
Batting: LHB Mike Gillespie 0-0: Ball
1-0: Called Strike
1-1: SINGLE (Groundball, 56D)
Batting: RHB Jung-hwan Kwon 0-0: Swinging Strike
0-1: Ball
1-1: Fly out, F9 (Flyball, 9LSF)
Batting: LHB Jérôme Masson 0-0: Ball
1-0: Ball
Mike Gillespie steals 2nd base
2-0: DOUBLE (Line Drive, 9D)
Mike Gillespie scores
Batting: LHB Qi-zhen Loong 0-0: Called Strike
0-1: Called Strike
0-2: Ball
1-2: Foul Ball, location: 2F
1-2: Strikes out swinging
Bottom of the 4th over - 1 run, 2 hits, 0 errors, 1 left on base; Naperville 2 - Salt Lake City 5
TOP OF THE 5TH
Naperville Battlekings batting - Pitching for Salt Lake City Buzz : RHP Pedro Espinoza
Batting: LHB Arthur Ryan 0-0: Ball
1-0: SINGLE (Line Drive, 4M)
Batting: LHB Ferris Minor 0-0: Ball
1-0: Ball
2-0: Ball
3-0: Base on Balls
Arthur Ryan to second
Batting: RHB Jay Hood 0-0: Called Strike
0-1: SINGLE (Line Drive, 4MD)
Arthur Ryan to third
Ferris Minor to second
Batting: LHB Juan Villanueva 0-0: Ball
1-0: Ball
2-0: Called Strike
2-1: DOUBLE (Groundball, 3L)
Arthur Ryan scores
Ferris Minor scores
Jay Hood to third
Batting: RHB Jorge Baker 0-0: Ground out 5-3 (Groundball, 56)
Batting: RHB Bill Rinck 0-0: Ball
1-0: Called Strike
1-1: Swinging Strike
1-2: Ball
2-2: Strikes out swinging
Pitching: LHP Roberto De La Cruz
Batting: RHB Fernando Martínez 0-0: Called Strike
0-1: Ground out 6-3 (Groundball, 56)
Top of the 5th over - 2 runs, 3 hits, 0 errors, 2 left on base; Naperville 4 - Salt Lake City 5
BOTTOM OF THE 5TH
Salt Lake City Buzz batting - Pitching for Naperville Battlekings : RHP Steve Gardner
Batting: SHB Félix Medina 0-0: Called Strike
0-1: Called Strike
0-2: Fly out, F9 (Flyball, 9S)
Batting: LHB Roberto Soto 0-0: Ball
1-0: Ball
2-0: SOLO HOME RUN (Flyball, 9LD), Distance : 350 ft
Batting: RHB Vicente Cruz 0-0: Ball
1-0: TRIPLE (Line Drive, 89XD)
Batting: RHB Erwin Chapman 0-0: Called Strike
0-1: Ball
1-1: Ball
2-1: Foul Ball, location: 2F
2-2: Foul Ball, location: 2F
2-2: Ground out 1-3 (Groundball, P)
Batting: RHB Alejandro Herrera 0-0: Fly out, F8 (Line Drive, 8LD)
Bottom of the 5th over - 1 run, 2 hits, 0 errors, 1 left on base; Naperville 4 - Salt Lake City 6
TOP OF THE 6TH
Naperville Battlekings batting - Pitching for Salt Lake City Buzz : LHP Roberto De La Cruz
Batting: RHB Hirohisa Ogasawara 0-0: Foul Ball, location: 2F
0-1: Swinging Strike
0-2: Ball
1-2: Strikes out swinging
Batting: LHB Rubén Aracil 0-0: Called Strike
0-1: Swinging Strike
0-2: Foul Ball, location: 2F
0-2: SINGLE (Flyball, 89S)
Batting: LHB Arthur Ryan 0-0: Ball
1-0: Fly out, F8 (Flyball, 8LS)
Batting: LHB Ferris Minor 0-0: Ball
1-0: Ball
2-0: Called Strike
2-1: Ball
3-1: Foul Ball, location: 2F
3-2: Ground out 3-1 (Groundball, 34)
Top of the 6th over - 0 runs, 1 hit, 0 errors, 1 left on base; Naperville 4 - Salt Lake City 6
BOTTOM OF THE 6TH
Salt Lake City Buzz batting - Pitching for Naperville Battlekings : RHP Steve Gardner
Batting: LHB Mike Gillespie 0-0: DOUBLE (Line Drive, 78XD)
Batting: RHB Jung-hwan Kwon 0-0: Ball
1-0: SINGLE (Line Drive, 7S)
Mike Gillespie to third
Pitching: RHP Chris Hayes
Batting: LHB Jérôme Masson 0-0: Called Strike
0-1: Fly out, F4 (Popup, 4D)
Batting: LHB Qi-zhen Loong 0-0: Called Strike
0-1: Ground out 5-3 (Groundball, 5)
Jung-hwan Kwon to second
Batting: SHB Félix Medina 0-0: Ball
1-0: Ball
2-0: Fly out, F7 (Flyball, 78S)
Bottom of the 6th over - 0 runs, 2 hits, 0 errors, 2 left on base; Naperville 4 - Salt Lake City 6
TOP OF THE 7TH
Naperville Battlekings batting - Pitching for Salt Lake City Buzz : LHP Roberto De La Cruz
Batting: RHB Jay Hood 0-0: Called Strike
0-1: Ball
1-1: Ground out U3 (Groundball, 3)
Batting: LHB Juan Villanueva 0-0: SINGLE (Groundball, 4D)
Batting: RHB Jorge Baker 0-0: Ball
1-0: Ball
2-0: Swinging Strike
2-1: Swinging Strike
2-2: Strikes out looking
Batting: RHB Bill Rinck 0-0: Ball
1-0: Called Strike
1-1: Called Strike
1-2: Strikes out swinging
Top of the 7th over - 0 runs, 1 hit, 0 errors, 1 left on base; Naperville 4 - Salt Lake City 6
BOTTOM OF THE 7TH
Salt Lake City Buzz batting - Pitching for Naperville Battlekings : RHP Chris Hayes
Batting: LHB Roberto Soto 0-0: Called Strike
0-1: Ball
1-1: Ball
2-1: SINGLE (Line Drive, 78S)
Batting: RHB Vicente Cruz 0-0: Called Strike
0-1: Ball
1-1: Ball
2-1: Bunted foul
2-2: Ball
3-2: Fly out, F7 (Flyball, 78S)
Batting: RHB Erwin Chapman 0-0: Ball
1-0: Swinging Strike
1-1: Ball
2-1: Ball
Roberto Soto steals 2nd base
3-1: Swinging Strike
3-2: Fly out, F7 (Flyball, 7LMF)
Batting: RHB Alejandro Herrera 0-0: Ball
1-0: Foul Ball, location: 2F
1-1: Ball
2-1: Fly out, F4 (Popup, 4M)
Bottom of the 7th over - 0 runs, 1 hit, 0 errors, 1 left on base; Naperville 4 - Salt Lake City 6
TOP OF THE 8TH
Naperville Battlekings batting - Pitching for Salt Lake City Buzz : LHP Roberto De La Cruz
Batting: RHB Fernando Martínez 0-0: Called Strike
0-1: Ball
1-1: SINGLE (Line Drive, 7S)
Batting: RHB Hirohisa Ogasawara 0-0: Ball
1-0: SINGLE (Groundball, 34S) (infield hit)
Fernando Martínez to second
Batting: LHB Rubén Aracil 0-0: Bunt missed!
0-1: Ball
1-1: Bunted foul
1-2: Strikes out swinging
Pinch Hitting: RHB António Guzmán 0-0: Called Strike
0-1: Foul Ball, location: 2F
0-2: Ball
1-2: Grounds into double play, 6-4-3 (Groundball, 6)
Top of the 8th over - 0 runs, 2 hits, 0 errors, 1 left on base; Naperville 4 - Salt Lake City 6
BOTTOM OF THE 8TH
Salt Lake City Buzz batting - Pitching for Naperville Battlekings : RHP Chris Hayes
Now in LF: Philip Strickland
Batting: LHB Mike Gillespie 0-0: Called Strike
0-1: Swinging Strike
0-2: Strikes out swinging
Batting: RHB Jung-hwan Kwon 0-0: Called Strike
0-1: Fly out, F7 (Flyball, 7S)
Batting: LHB Jérôme Masson 0-0: Called Strike
0-1: Ground out 1-3 (Groundball, P)
Bottom of the 8th over - 0 runs, 0 hits, 0 errors, 0 left on base; Naperville 4 - Salt Lake City 6
TOP OF THE 9TH
Naperville Battlekings batting - Pitching for Salt Lake City Buzz : LHP Roberto De La Cruz
Pitching: RHP Luis Bejarano
Batting: LHB Ferris Minor 0-0: Swinging Strike
0-1: Ground out 4-3 (Groundball, 4)
Batting: RHB Jay Hood 0-0: Ball
1-0: Swinging Strike
1-1: Ball
2-1: Swinging Strike
2-2: Ball
3-2: Fly out, F9 (Flyball, 9)
Batting: LHB Juan Villanueva 0-0: Swinging Strike
0-1: SINGLE (Line Drive, 34)
Batting: RHB Jorge Baker 0-0: Foul Ball, location: 2F
0-1: Ball
1-1: Ball
2-1: Foul Ball, location: 2F
2-2: Ball
3-2: Reached on error, E4 (Groundball, 4D)
Juan Villanueva to second
Batting: RHB Bill Rinck 0-0: Called Strike
0-1: Foul Ball, location: 2F
0-2: Ball
1-2: Foul Ball, location: 2F
1-2: Ball
2-2: Ground out 6-3 (Groundball, 56)
Top of the 9th over - 0 runs, 1 hit, 1 error, 2 left on base; Naperville 4 - Salt Lake City 6
Tuesday, December 19th, 2017 - OOTP Baseball 18.8 Build 76